 Dungeon Crawl Stone Soup version 0.30-a0-618-gd6c86c23d0 (webtiles) character file.

Game seed: 7787094579763573867

1496 wormed the Slicer (level 9, 0/53 (54) HPs)
             Began as a Kobold Brigand on Jan 10, 2023.
             Killed by divine providence
             ... invoked by an orc priest
              (15 damage)
             ... on level 6 of the Dungeon.
             The game lasted 00:06:38 (6160 turns).

wormed the Slicer (Kobold Brigand)                  Turns: 6160, Time: 00:06:39

HP:   0/53 (54)     AC:  5    Str: 15    XL:     9   Next: 8%
MP:   9/9           EV: 18    Int: 12    God:
Gold: 251           SH:  0    Dex: 20    Spells: 8/8 levels left

rFire   . . .      SeeInvis .    o - +1 dagger (venom)
rCold   . . .      Faith    .    (no shield)
rNeg    . . .      Spirit   .    b - +0 robe
rPois   .          Reflect  .    p - +1 helmet
rElec   .          Harm     .    c - +0 cloak
rCorr   .          Rampage  .    (no gloves)
Will    .....                    (no boots)
Stlth   +++++                    r - amulet of the acrobat
HPRegen 0.28/turn                v - +6 ring of strength
MPRegen 0.11/turn                (no ring)

@: lightly drained
A: small, no large weapons, nightstalker 3
a: no special abilities


You were on level 6 of the Dungeon.
You visited 1 branch of the dungeon, and saw 6 of its levels.
You also visited: Sewer.

You collected 251 gold pieces.

Inventory:

Hand Weapons
 a - a +2 dagger
 o - a +1 dagger of venom (weapon)
Missiles
 d - 19 poisoned darts
 e - 2 curare-tipped darts (quivered)
 y - a throwing net
Armour
 b - a +0 robe (worn)
 c - a +0 cloak (worn)
 p - a +1 helmet (worn)
Jewellery
 r - an amulet of the acrobat (around neck)
 v - a +6 ring of strength (left hand)
Wands
 A - a wand of roots (4)
Scrolls
 i - a scroll of immolation
 j - a scroll of vulnerability
 n - 2 scrolls of poison
 q - a scroll of teleportation
 s - a scroll of blinking
 w - a scroll of enchant armour
 x - 2 scrolls of amnesia
Potions
 f - 2 potions of berserk rage
 g - 2 potions of attraction
 h - a potion of invisibility {unknown}
 k - a potion of resistance {unknown}
 l - a potion of cancellation {unknown}
 m - a potion of haste {unknown}
 t - a potion of flight {unknown}
 u - 5 potions of curing {unknown}
 z - 2 potions of lignification {unknown}
 B - a potion of mutation {unknown}


   Skills:
 + Level 5.5 Fighting
 * Level 9.3 Short Blades
 - Level 2.1 Throwing
 + Level 5.7 Dodging
 + Level 8.6 Stealth


You had 8 spell levels left.
You didn't know any spells.
Your spell library contained the following spells:

 Spells                   Type           Power      Damage    Failure   Level
 Sandblast                Erth           0%         2d4       32%         1
 Sublimation of Blood     Necr           0%         N/A       45%         2
 Wereblood                Tmut           0%         N/A       45%         2
 Dazzling Flash           Conj/Hex       0%         N/A       69%         3
 Gell's Gravitas          Tloc           0%         N/A       69%         3
 Teleport Other           Tloc           0%         N/A       69%         3
 Agony                    Necr           0%         N/A       100%        5
 Silence                  Hex/Air        0%         N/A       100%        5
 Dispersal                Tloc           0%         N/A       100%        6
 Summon Hydra             Summ           0%         N/A       100%        7


Dungeon Overview and Level Annotations

Branches:
Dungeon (6/15)              Sewer (visited)
 Temple: D:4-7

Altars:
Fedhas
Gozag

Shops:
D:1 :


Innate Abilities, Weirdness & Mutations

You are small and have problems with some larger weapons.
You are completely attuned to the shadows.


Message History

You open the door.
There is an open door here.
An orc comes into view. It is wielding a +0 dagger.
An orc is nearby!
An orc is nearby!
An orc is nearby!
An orc comes into view. It is wielding a +0 falchion.
The orc shouts! x2; You hear a shout!
An orc warrior comes into view. It is wielding a +0 halberd.
You hit the orc but do no damage.
The orc is poisoned.
The orc hits you but does no damage.
You hit the orc but do no damage. The orc completely misses you.
The orc hits you with a +0 falchion.
You hit the orc.
The orc looks even sicker.
The orc is lightly wounded.
You closely miss the orc.
The orc is lightly wounded.
The orc hits you with a +0 falchion.
The orc warrior hits you from afar with a +0 halberd!
You barely miss the orc.
The orc is lightly wounded.
You hit the orc.
You kill the orc!
The orc barely misses you. The orc warrior closely misses you.
You hit the orc.
The orc is moderately wounded.
You hit the orc but do no damage.
The orc is poisoned.
The orc is moderately wounded.
The orc misses you. The orc warrior misses you.
An orc priest comes into view. It is wielding a +0 dagger.
You hit the orc but do no damage.
The orc is moderately wounded.
You closely miss the orc.
The orc is severely wounded.
The orc closely misses you.
The orc warrior hits you from afar with a +0 halberd!
* * * LOW HITPOINT WARNING * * *
The orc priest mumbles some strange prayers to Beogh against you.
Beogh smites you!
You die...

##......#
#......#
#...#######+##
+...'...##...#
#...##.......###
######.......'.##
#...........#..##
#...........##..#
#......######.@)#
######## #..o...
#.o.#.. #...#..
#o..#


You could see an orc warrior, an orc priest and an orc (very poisoned).

Vanquished Creatures
  A water moccasin (D:5)
  A sky beast (D:5)
  3 phantoms
  A necrophage (D:6)
  2 bullfrogs (Sewer)
  3 scorpions
  A howler monkey (D:5)
  3 hounds
  An orc priest (D:4)
  Jessica (D:2)
  7 iguanas
  A gnoll bouda (D:5)
  2 orc wizards
  7 adders
  5 gnolls (D:5)
  3 ufetubi (D:4)
  A worm (D:4)
  3 dart slugs
  9 orcs
  11 ball pythons
  14 endoplasms
  16 giant cockroaches
  11 goblins
  7 hobgoblins
  4 jackals
  15 quokkas
  2 bats (D:1)
  9 frilled lizards
  5 kobolds
  8 rats
157 creatures vanquished.

Vanquished Creatures (others)
  A fungus (D:3)
  A plant (D:3)
2 creatures vanquished.

Grand Total: 159 creatures vanquished

Notes
Turn   | Place    | Note
-------+----------+-------------------------------------------
     0 | D:1      | wormed the Kobold Brigand began the quest for the Orb.
     0 | D:1      | Reached XP level 1. HP: 12/12 MP: 1/1
   110 | D:1      | Reached skill level 3 in Short Blades
   132 | D:1      | Reached XP level 2. HP: 14/18 MP: 2/2
   395 | D:1      | Found Wyluhiha's Vocational Training.
   498 | D:1      | Reached XP level 3. HP: 22/22 MP: 3/3
  1226 | D:2      | Reached skill level 4 in Short Blades
  1226 | D:2      | Reached XP level 4. HP: 27/27 MP: 4/4
  1954 | D:2      | Noticed Jessica
  1963 | D:2      | Killed Jessica
  2372 | D:3      | Found a faded altar of an unknown god.
  2433 | D:3      | Got Plato's Anthology of the Volcano
  2544 | D:3      | Reached XP level 5. HP: 31/32 MP: 5/5
  2678 | D:3      | Reached skill level 5 in Short Blades
  2762 | D:3      | Found a glowing drain.
  2775 | D:3      | Reached XP level 6. HP: 37/37 MP: 6/6
  2784 | Sewer    | Entered a sewer
  3111 | Sewer    | Reached skill level 6 in Short Blades
  3111 | Sewer    | Reached XP level 7. HP: 17/42 MP: 7/7
  3887 | D:4      | Reached skill level 7 in Short Blades
  4132 | D:4      | Reached XP level 8. HP: 23/48 MP: 8/8
  4583 | D:5      | Entered Level 5 of the Dungeon
  4960 | D:5      | Reached skill level 8 in Short Blades
  4960 | D:5      | Reached skill level 5 in Dodging
  5141 | D:5      | Reached skill level 5 in Fighting
  5754 | D:5      | Reached skill level 9 in Short Blades
  5920 | D:5      | Found an opulent altar of Gozag.
  5922 | D:5      | Found a blossoming altar of Fedhas.
  6000 | D:6      | Reached XP level 9. HP: 54/54 MP: 9/9
  6160 | D:6      | Killed from afar by an orc priest

Illustrated notes

Levels and vault maps discovered:
D:1:      dpeg_arrival_water_temple_mockup, layout_loops_ring,
          roderic_lattice_a, minmay_misc_feat_alley, nicolae_shop_vocational
D:2:      layout_basic, uniq_jessica
D:3:      layout_loops_ring, gup_sewer_entry_pipe,
          shapermc_ecumenical_altar_rom_forum
D:4:      layout_gridville, minmay_bent
D:5:      layout_basic, minitemple, dk_noncrumbling_4
D:6:      layout_basic, minmay_temple_entry_mist, kennysheep_small_square

Skill      XL: |  1  2  3  4  5  6  7  8 |
---------------+-------------------------+-----
Short Blades   | 3 4 5 6 7 9 |  9.3
Dodging        | 2 3 4 5 |  5.7
Fighting       | 3 4 5 |  5.5
Stealth        | 6 7 8 |  8.6
Throwing       | |  2.1

Action                   |  1- 3 |  4- 6 |  7- 9 || total
-------------------------+-------+-------+-------++-------
Melee: Dagger            |    71 |   185 |   346 ||   602
       Punch             |       |     2 |     7 ||     9
Throw: Dart              |       |     1 |     2 ||     3
  Use: Scroll            |     1 |       |    11 ||    12
       Potion            |       |       |     1 ||     1
 Stab: Distracted        |     1 |       |     6 ||     7
       Sleeping          |    23 |    23 |    14 ||    60
Armor: Robe              |     6 |    33 |    25 ||    64
Dodge: Dodged            |    52 |   109 |   177 ||   338

Table legend: (Time is in decaauts)
 A = Elapsed time spent in this place.
 B = Non-inter-level travel time spent in this place.
 C = Inter-level travel time spent in this place.
 D = Time resting spent in this place.
 E = Time spent auto-exploring this place.
 F = Levels seen in this place.
 G = Mean time per level.
                   A        B        C        D        E       F      G
               +--------+--------+--------+--------+--------+-----+--------+
         Total |   6042 |   5807 |    235 |      0 |   4703 |   7 |  863.1 |
       Dungeon |   5562 |   5327 |    235 |      0 |   4443 |   6 |  927.0 |
         Sewer |    480 |    480 |      0 |      0 |    260 |   1 |  480.0 |
               +--------+--------+--------+--------+--------+-----+--------+

Top non-repeatable levels by time:
     D:5: 1306 daAuts
     D:2: 1276 daAuts
     D:1: 969 daAuts
     D:4: 967 daAuts
     D:3: 861 daAuts
   Sewer: 480 daAuts
     D:6: 182 daAuts
